 Dungeon Crawl Stone Soup version 0.29.1-12-g30fa7ad0bf (webtiles) character file.

Game seed: 6375128905251374929

61 xian the Shooter (level 4, -2/34 HPs)
             Began as a Barachi Hunter on Jan 4, 2023.
             Slain by a gnoll
             ... wielding a +0 whip
              (5 damage)
             ... on level 1 of the Dungeon.
             The game lasted 00:03:23 (2254 turns).

xian the Shooter (Barachi Hunter)                   Turns: 2254, Time: 00:03:24

Health: -2/34      AC:  9    Str: 14    XL:     4   Next: 7%
Magic:  4/4        EV:  6    Int: 10    God:
Gold:   86         SH:  0    Dex: 15    Spells: 3/3 levels left

rFire   . . .      SeeInvis .   a - +0 shortbow
rCold   . . .      Faith    .   (shield currently unavailable)
rNeg    . . .      Spirit   .   g - +0 chain mail
rPois   .          Reflect  .   (no helmet)
rElec   .          Harm     .   o - +0 cloak
rCorr   .          Rampage  .   (no gloves)
Will    .....                   (no boots)
Stlth   ..........              (no amulet)
HPRegen 0.11/turn               (no ring)
MPRegen 0.09/turn               (no ring)

@: slow
A: amphibious, slowness 1, strong legs 1, +LOS
a: Hop


You were on level 1 of the Dungeon.
You visited 1 branch of the dungeon, and saw 3 of its levels.

You collected 86 gold pieces.

Inventory:

Hand Weapons
 a - a +0 shortbow (weapon)
 h - a +0 dagger of speed
Armour
 c - a +0 leather armour
 g - a +0 chain mail (worn)
 o - a +0 cloak (worn)
Scrolls
 b - a scroll of immolation
 d - a scroll of brand weapon {unknown}
 e - a scroll of poison {unknown}
 f - a scroll of teleportation {unknown}
 i - a scroll of fear {unknown}
 m - a scroll of summoning {unknown}
Potions
 j - a potion of might {unknown}
 k - a potion of haste {unknown}
 l - a potion of mutation {unknown}
 n - a potion of invisibility {unknown}


   Skills:
 + Level 2.8 Fighting
 + Level 5.2 Ranged Weapons
 + Level 0.9 Armour
 + Level 2.2 Dodging
 + Level 0.8 Stealth


You had 3 spell levels left.
You didn't know any spells.
Your spell library contained the following spells:

 Spells                   Type           Power      Damage    Failure   Level
 Magic Dart               Conj           0%         1d3       100%        1
 Searing Ray              Conj           0%         2d4       100%        2
 Conjure Flame            Conj/Fire      0%         6-21      100%        3
 Ignite Poison            Fire/Tmut/Pois 0%         N/A       100%        3
 Tukima's Dance           Hex            0%         N/A       100%        3
 Fulminant Prism          Conj/Hex       0%         3d6       100%        4
 Passage of Golubria      Tloc           0%         N/A       100%        4
 Sticky Flame             Conj/Fire      0%         2d3       100%        4
 Yara's Violent Unravell  Hex/Tmut       0%         3d3       100%        5
 Borgnjor's Revivificati  Necr           0%         N/A       100%        8
 Necromutation            Tmut/Necr      0%         N/A       100%        8
 Death's Door             Necr           0%         N/A       100%        9


Dungeon Overview and Level Annotations

Branches:
Dungeon (3/15)

Altars:
Uskayaw


Innate Abilities, Weirdness & Mutations

You are amphibious.
You cover ground slowly.
You can hop short distances.
You have an extended range of vision and can be seen from far away.


Message History

Press: ? - help, Q - select action, (/) - cycle Shift-Dir - straight line, f - orc
Aim: an orc, wielding a +0 dagger and wearing a +0 chain mail (69% to hit)
You shoot an arrow. The arrow hits the orc!
You kill the orc!
The gnoll hits you with a +0 whip.
* * * LOW HITPOINT WARNING * * *
Fire: a) +0 shortbow
Press: ? - help, Q - select action, (/) - cycle Shift-Dir - straight line, f - gnoll
Aim: a gnoll, wielding a +0 whip (65% to hit)
You shoot an arrow. The arrow barely misses the gnoll.
The gnoll hits you but does no damage. x2
Unknown command.
Fire: a) +0 shortbow
Press: ? - help, Q - select action, (/) - cycle Shift-Dir - straight line, f/p - gnoll
Aim: a gnoll, wielding a +0 whip (65% to hit)
You shoot an arrow. The arrow closely misses the gnoll.
The gnoll hits you but does no damage.
Unknown command.
Fire: a) +0 shortbow
Press: ? - help, Q - select action, (/) - cycle Shift-Dir - straight line, f/p - gnoll
Aim: a gnoll, wielding a +0 whip (65% to hit)
You shoot an arrow. The arrow hits the gnoll!
The gnoll is severely wounded.
The gnoll hits you with a +0 whip.
* * * LOW HITPOINT WARNING * * *
The gnoll barely misses you.
Fire: a) +0 shortbow
Press: ? - help, Q - select action, (/) - cycle Shift-Dir - straight line, f/p - gnoll
Aim: a gnoll, wielding a +0 whip (severely wounded, 65% to hit)
You shoot an arrow.
The arrow hits the gnoll but does no damage.
The gnoll is severely wounded.
You are ready to hop once more.
The gnoll hits you but does no damage. x2
Fire: a) +0 shortbow
Press: ? - help, Q - select action, (/) - cycle Shift-Dir - straight line, f/p - gnoll
Aim: a gnoll, wielding a +0 whip (severely wounded, 65% to hit)
You shoot an arrow. The arrow barely misses the gnoll.
The gnoll completely misses you. The gnoll hits you with a +0 whip.
You die...

#...###### #...####.#.#
#........# #.### #.#.#
'........# #.# #.#.#
#........# #.# #.#.#
#........###.# #.#.#
#............######.#.#
....................#.#
###.......###########.###
#######>.......g@.......#
.....####################
.....### .......#
...)...# .......#
.......################
.......'.........)....#
##.....##############.#


You could see a gnoll.

Vanquished Creatures
  2 orcs (D:1)
  6 ball pythons
  An endoplasm (D:2)
  2 giant cockroaches
  6 goblins
  2 hobgoblins (D:1)
  3 jackals (D:2)
  11 kobolds
  4 quokkas
  6 bats (D:2)
  A frilled lizard (D:2)
  7 rats
51 creatures vanquished.

Vanquished Creatures (others)
  6 plants (D:2)
6 creatures vanquished.

Grand Total: 57 creatures vanquished

Notes
Turn   | Place    | Note
-------+----------+-------------------------------------------
     0 | D:1      | xian the Barachi Hunter began the quest for the Orb.
     0 | D:1      | Reached XP level 1. HP: 17/17 MP: 1/1
   316 | D:1      | Reached XP level 2. HP: 23/23 MP: 2/2
   973 | D:1      | Reached XP level 3. HP: 28/28 MP: 3/3
  1494 | D:2      | Reached skill level 5 in Ranged Weapons
  2186 | D:2      | Reached XP level 4. HP: 34/34 MP: 4/4
  2225 | D:3      | Found a hide-covered altar of Uskayaw.
  2254 | D:1      | Slain by a gnoll

Illustrated notes

Levels and vault maps discovered:
D:1:      evilmike_arrival_crescent, layout_basic
D:2:      layout_basic, lexackson_kobold_supper
D:3:      layout_rooms, amcnicky_altar_gilded,
          ebering_ecumenical_altar_sacrificial, minmay_misc_feat_encased,
          minmay_misc_feat_alley

Skill      XL: |  1  2  3 |
---------------+----------+-----
Ranged Weapons | 5 |  5.2
Fighting       | |  2.8
Armour         | |  0.9
Dodging        | |  2.2
Stealth        | |  0.8

Action                   |  1- 3 |  4- 6 || total
-------------------------+-------+-------++-------
 Fire: Shortbow          |   114 |    14 ||   128
 Abil: Hop               |       |     1 ||     1
Armor: Chain mail        |    62 |    23 ||    85
Dodge: Dodged            |    33 |    11 ||    44
